 Dungeon Crawl Stone Soup version 0.30-a0-414-gcb316572d5 (webtiles) character file.

Game seed: 7629315906784302409

20 cforsyth the Chopper (level 2, -1/27 HPs)
             Began as a Hill Orc Monk on Dec 7, 2022.
             Slain by a kobold
             ... wielding a +2 short sword of electrocution
              (9 damage)
             ... on level 1 of the Dungeon.
             The game lasted 00:00:41 (739 turns).

cforsyth the Chopper (Hill Orc Monk)                 Turns: 739, Time: 00:00:41

Health: -1/27      AC:  2    Str: 13    XL:     2   Next: 79%
Magic:  2/2        EV: 12    Int: 10    God:
Gold:   30         SH:  0    Dex: 13    Spells: 1/1 levels left

rFire   . . .      SeeInvis .    a - +0 hand axe
rCold   . . .      Faith    .    (no shield)
rNeg    . . .      Spirit   .    b - +0 robe
rPois   .          Reflect  .    (no helmet)
rElec   .          Harm     .    (no cloak)
rCorr   .          Rampage  .    (no gloves)
Will    .....                    (no boots)
Stlth   ++........               (no amulet)
HPRegen 0.24/turn                (no ring)
MPRegen 0.08/turn                (no ring)

@: no status effects
A: no striking features
a: no special abilities


You were on level 1 of the Dungeon.
You visited 1 branch of the dungeon, and saw 1 of its levels.

You collected 30 gold pieces.

Inventory:

Hand Weapons
 a - a +0 hand axe (weapon)
Armour
 b - a +0 robe (worn)
Scrolls
 e - a scroll of fear {unknown}
 f - a scroll of torment {unknown}
 g - a scroll of fog {unknown}
 h - 3 scrolls of vulnerability {unknown}
Potions
 c - a potion of ambrosia
 d - a potion of heal wounds {unknown}


   Skills:
 + Level 4.0 Fighting
 + Level 4.4 Axes
 + Level 1.0 Armour
 - Level 2.5 Dodging
 - Level 1.7 Stealth


You had one spell level left.
You didn't know any spells.
Your spell library contained the following spells:

 Spells                   Type           Power      Damage    Failure   Level
 Tukima's Dance           Hex            0%         N/A       75%         3
 Passage of Golubria      Tloc           0%         N/A       98%         4
 Yara's Violent Unravell  Hex/Tmut       0%         3d3       100%        5


Dungeon Overview and Level Annotations

Branches:
Dungeon (1/15)

Altars:

Annotations:
D:1 2 runed translucent doors


Message History

You hit the jackal.
You kill the jackal!
You hit the jackal but do no damage. The jackal closely misses you.
The jackal bites you.
Your Fighting skill increases to level 4!
You hit the jackal.
You kill the jackal!
You closely miss the jackal. The jackal barely misses you.
The jackal completely misses you.
You closely miss the jackal. x2; The jackal bites you.
The jackal closely misses you.
You barely miss the kobold. You hit the jackal.
You kill the jackal!
You barely miss the jackal. The jackal closely misses you.
The kobold hits you with a +2 short sword of electrocution.
The jackal bites you.
You are too injured to fight recklessly!
You are too injured to fight recklessly!
You are too injured to fight recklessly!
You are too injured to fight recklessly!
You are too injured to fight recklessly!
You are too injured to fight recklessly!
You are too injured to fight recklessly!
You are too injured to fight recklessly!
The jackal attacks as you move away! The jackal completely misses you.
Sorry, you're not good enough to have a special ability.
The jackal attacks as you move away! The jackal barely misses you.
The jackal bites you. The jackal attacks as you move away!
The jackal bites you.
You hit the jackal.
The jackal is almost dead.
The jackal closely misses you. x2
You slash the jackal!
You kill the jackal!
Your Armour skill increases to level 1!
You barely miss the kobold.
The kobold hits you with a +2 short sword of electrocution.
* * * LOW HITPOINT WARNING * * *
You are electrocuted!
You die...

........############.#.#.##
.....................#.#.##
.............##.###..#.#.##
........####.##.#....#.#.##
........# ####.####.#.#.##
........# ###.....####..(##
.###+#+#####..##.##..##.####
... #.####.####+####.#....†
.....#.#..K@............####
......†..#######+###########
..#.#.#††.............†.....
..........#.####+####.######
..#$#.#...##..##.##..###....
........#### #.....### #.###
#.#.#.#.###.####.### #.#..
#..............#.#.# # #...#
###................#.# #....


You could see a kobold.

Vanquished Creatures
  4 bats (D:1)
  2 endoplasms (D:1)
  A giant cockroach (D:1)
  3 hobgoblins (D:1)
  4 jackals (D:1)
  A frilled lizard (D:1)
  A kobold (D:1)
16 creatures vanquished.

Notes
Turn   | Place    | Note
-------+----------+-------------------------------------------
     0 | D:1      | cforsyth the Hill Orc Monk began the quest for the Orb.
     0 | D:1      | Reached XP level 1. HP: 19/19 MP: 1/1
    30 | D:1      | Found a large runed translucent door.
    30 | D:1      | Found a large runed translucent door.
   157 | D:1      | Reached XP level 2. HP: 27/27 MP: 2/2
   739 | D:1      | Reached skill level 1 in Armour
   739 | D:1      | Slain by a kobold

Illustrated notes

Levels and vault maps discovered:
D:1:      erik_arrival_cave_to_civilisation [erik_arrival_cave_to_temple],
          layout_basic, amcnicky_mini_corridor_feature, glass_columns_b,
          interstate_on_off, st_stairs_4

Skill      XL: |  1  2 |
---------------+-------+-----
Fighting       | 4 |  4.0
Armour         | 1 |  1.0
Axes           | |  4.4
Dodging        | |  2.5
Stealth        | |  1.7

Action                   || total
-------------------------++-------
Melee: Hand axe          ||    37
 Stab: Sleeping          ||     2
Armor: Robe              ||     6
Dodge: Dodged            ||    32

Table legend: (Time is in decaauts)
 A = Elapsed time spent in this place.
 B = Non-inter-level travel time spent in this place.
 C = Inter-level travel time spent in this place.
 D = Time resting spent in this place.
 E = Time spent auto-exploring this place.
 F = Levels seen in this place.
 G = Mean time per level.
                   A        B        C        D        E       F      G
               +--------+--------+--------+--------+--------+-----+--------+
         Total |    742 |    742 |      0 |      0 |    637 |   1 |  742.0 |
       Dungeon |    742 |    742 |      0 |      0 |    637 |   1 |  742.0 |
               +--------+--------+--------+--------+--------+-----+--------+

Top non-repeatable levels by time:
     D:1: 742 daAuts
